Map: Prion Terraces

Players

Voltz

  • Race: Zerg Zerg
  • League: Grandmaster

EJK - Winner!

  • Race: Terran Terran
  • League: Master

Event: Gauntlet LotV Series 1 Qualifier 1

VOD

Have the link to the VOD?

Description

Time

  • Played on: Nov. 22, 2015, 3:29 p.m.
  • Length: 14:46

All games in this series

Show
View Real Time Build Order
Export as new Build Order

Voltz Zerg 

Build Orders: Hatch First 

Get SALT Encoding   

  12  0:01  Drone  
  13  0:12  Overlord  
  13  0:17  Drone  
  14  0:31  Drone x2  
  14  0:34  Drone  
  17  0:51  Hatchery  
  17  0:54  Drone  
  17  0:56  Drone  
  18  1:08  Extractor  
  17  1:12  Spawning Pool  
  17  1:15  Drone  
  17  1:18  Drone  
  18  1:28  Drone  
  19  1:39  Drone  
  20  1:49  Overlord  
  20  1:59  Queen  
  22  2:03  Queen, Zergling x2  
  22  2:04  Zergling x2  
  26  2:11  Metabolic Boost, Drone  
  26  2:14  Drone  
  28  2:23  Drone  
  28  2:25  Drone  
  30  2:39  Queen  
  31  2:45  Drone x2  
  31  2:46  Lair  
  31  2:48  Drone  
  31  2:49  Overlord  
  34  2:53  Drone  
  35  2:58  Extractor  
  35  3:01  Drone  
  34  3:15  Drone x2  
  34  3:16  Drone x6  
  41  3:21  Queen  
  41  3:26  Overlord  
  43  3:29  Extractor x2  
  43  3:31  Drone  
  42  3:35  Drone  
  42  3:38  Overlord  
  43  3:47  Drone x2  
  45  3:51  Spore Crawler  
  44  3:56  Drone x4  
  44  3:59  Drone  
  50  4:06  Spire  
  49  4:10  Drone x2  
  49  4:12  Drone  
  52  4:19  Queen  
  54  4:32  Hatchery  
  54  4:37  Drone x2  
  55  4:41  Zergling x6  
  58  4:49  Overlord  
  58  4:54  Drone  
  58  4:55  Evolution Chamber x2  
  58  4:56  Drone, Infestation Pit  
  58  4:59  Drone  
  58  5:01  Drone  
  58  5:03  Overlord  
  59  5:08  Drone x2  
  59  5:09  Drone  
  57  5:23  Zergling x2  
  57  5:24  Zergling x8  
  58  5:32  Zergling x6  
  57  5:45  Drone x6  
  57  5:47  Extractor  
  62  5:52  Extractor, Queen  
  62  5:55  Zerg Melee Weapons Level 1  
  62  5:56  Zerg Ground Armor Level 1  
  63  6:04  Hive  
  63  6:09  Drone  
  63  6:10  Overlord  
  63  6:11  Overlord  
  64  6:19  Corruptor x2  
  64  6:23  Corruptor  
  70  6:28  Drone  
  70  6:29  Drone x2  
  70  6:31  Drone  
  74  6:35  Drone  
  74  6:36  Drone x3  
  78  6:40  Drone x2  
  78  6:43  Drone  
  81  6:50  Hatchery  
  80  6:56  Overlord  
  80  6:58  Zergling x2  
  80  6:59  Zergling x8  
  85  7:03  Baneling Nest  
  85  7:05  Zergling x6  
  85  7:06  Zergling x2  
  88  7:11  Drone  
  89  7:17  Ultralisk Cavern  
  89  7:18  Adrenal Glands  
  89  7:21  Zergling x2  
  89  7:22  Zergling x8  
  94  7:30  Zergling x10  
  94  7:35  Overlord x2  
  98  7:43  Overlord x2  
  94  8:04  Ultralisk x3  
  112  8:06  Chitinous Plating  
  112  8:08  Zerg Melee Weapons Level 2  
  112  8:13  Zerg Ground Armor Level 2, Extractor  
  112  8:17  Extractor  
  112  8:18  Drone x3  
  112  8:19  Drone  
  114  8:20  Drone  
  114  8:26  Ultralisk  
  123  8:31  Overseer  
  123  8:35  Overseer, Queen  
  123  8:38  Ultralisk  
  131  8:41  Viper  
  131  8:44  Overlord x2  
  134  8:50  Corruptor  
  136  9:01  Overlord x2  
  136  9:03  Extractor  
  136  9:04  Drone x3  
  136  9:05  Drone, Extractor  
  136  9:06  Drone x2  
  136  9:07  Ultralisk  
  146  9:10  Viper x2  
  152  9:19  Ultralisk  
  152  9:20  Overlord  
  152  9:21  Overlord x3  
  158  9:34  Corruptor x2  
  159  9:49  Ultralisk  
  164  9:53  Ultralisk  
  164  9:56  Zergling x2  
  164  9:57  Zergling x30  
  164  9:59  Drone x2  
  188  10:02  Drone x3  
  191  10:10  Ultralisk  
  153  10:28  Ultralisk x2  
  153  10:35  Zergling x22  
  157  10:36  Zergling x4  
  152  10:44  Zergling x14  
  151  10:52  Zergling x2  
  151  10:53  Queen x2, Zergling x4  
  151  10:56  Zergling x2  
  141  11:10  Ultralisk x2  
  136  11:15  Queen, Zergling x10  
  139  11:22  Ultralisk  
  136  11:28  Ultralisk  
  140  11:34  Ultralisk  
  132  11:41  Ultralisk  
  132  11:45  Ultralisk  
  141  11:57  Ultralisk  
  139  12:08  Zergling x22  
  134  12:14  Ultralisk  
  133  12:20  Zergling x4  
  97  12:32  Ultralisk  
  97  12:35  Zergling x2  
  97  12:36  Zergling x6  
  99  12:39  Queen  
  91  12:47  Ultralisk  
  86  12:55  Zergling x2  
  86  12:56  Zergling x4  
  74  13:06  Ultralisk  
  74  13:08  Zergling x2  
  74  13:10  Spine Crawler  
  74  13:12  Spine Crawler  
  79  13:14  Zergling x2  
  79  13:15  Zergling x2  
  77  13:31  Ultralisk x2  
  74  13:49  Ultralisk  
  69  13:55  Zergling x2  
  69  13:56  Zergling x6  
  58  14:03  Queen x2, Zergling x2  
  58  14:05  Overseer  
  64  14:10  Zergling x4  
Show
View Real Time Build Order
Export as new Build Order

EJK Terran - Winner!

Build Orders: Reaper Expand, Mech 

Get SALT Encoding   

  12  0:00  SCV  
  13  0:13  SCV  
  14  0:20  Supply Depot  
  14  0:25  SCV  
  15  0:42  SCV  
  16  0:43  Barracks  
  16  0:48  Refinery  
  16  0:54  SCV  
  17  1:06  SCV  
  18  1:18  SCV  
  19  1:32  Orbital Command  
  19  1:33  Reaper  
  20  1:41  Command Center  
  20  1:48  Supply Depot  
  20  1:51  Refinery  
  20  1:58  SCV  
  21  2:05  Reaper  
  22  2:10  SCV  
  23  2:22  SCV, Factory  
  24  2:34  SCV  
  25  2:46  Barracks Reactor, SCV  
  26  2:53  Orbital Command  
  26  2:57  Bunker  
  26  2:58  SCV  
  27  3:06  Factory Tech Lab  
  27  3:07  Starport  
  27  3:10  SCV  
  27  3:23  SCV  
  27  3:24  Siege Tank, Marine x2  
  33  3:27  SCV  
  34  3:35  SCV  
  34  3:39  SCV  
  36  3:42  Marine x2  
  36  3:44  Command Center  
  38  3:49  Medivac  
  38  3:53  SCV x2  
  41  4:04  Marine x2  
  41  4:05  SCV x2  
  45  4:17  SCV, Supply Depot  
  45  4:18  Supply Depot  
  45  4:19  Supply Depot  
  46  4:27  Liberator  
  46  4:37  Refinery x2  
  46  4:38  Marine x2  
  46  4:39  SCV x2, Siege Tank, Engineering Bay  
  56  4:51  SCV x2  
  58  4:59  Supply Depot  
  59  5:01  Orbital Command  
  59  5:03  SCV x2  
  60  5:18  Liberator  
  60  5:23  Barracks Tech Lab  
  60  5:25  Factory  
  60  5:27  Factory  
  58  5:29  SCV x2  
  58  5:30  SCV  
  57  5:41  Missile Turret  
  57  5:42  Missile Turret  
  58  5:45  Hellion x2  
  58  5:47  Missile Turret  
  62  5:54  Armory  
  62  5:57  Supply Depot  
  62  6:01  Liberator  
  62  6:05  Missile Turret  
  62  6:08  Supply Depot, Hellion x2  
  66  6:18  Cyclone x2  
  75  6:30  Hellion x2, Orbital Command  
  75  6:31  Mag-Field Accelerator  
  79  6:33  Supply Depot, Missile Turret x2  
  79  6:36  SCV  
  79  6:38  SCV, Supply Depot  
  81  6:48  SCV  
  81  6:51  Hellion x2  
  81  6:54  Cyclone x2  
  92  6:57  SCV x2  
  92  6:58  Terran Vehicle Weapons Level 1  
  92  7:00  SCV, Refinery  
  95  7:04  Refinery  
  95  7:09  SCV x2  
  95  7:12  SCV, Hellion  
  95  7:13  Hellion  
  102  7:16  Liberator  
  102  7:21  SCV  
  102  7:22  SCV  
  104  7:23  Factory  
  104  7:24  SCV, Factory  
  105  7:32  Hellion x2  
  105  7:34  Hellion x2  
  105  7:36  Supply Depot  
  116  7:39  Supply Depot  
  112  7:55  Cyclone  
  112  7:56  Hellion x2  
  107  8:01  SCV x3  
  110  8:09  Factory Tech Lab, Factory Reactor  
  110  8:17  Cyclone, Hellion  
  110  8:18  Hellion  
  110  8:19  SCV x3  
  120  8:24  Command Center  
  120  8:27  Cyclone  
  120  8:29  Supply Depot, Infernal Pre-Igniter  
  120  8:30  Supply Depot x2  
  123  8:37  Cyclone  
  123  8:39  Hellion x2  
  130  8:54  Cyclone  
  137  8:55  Hellion  
  137  8:56  Hellion  
  137  8:59  Cyclone  
  137  9:00  Hellion x2  
  144  9:12  Cyclone  
  147  9:17  Terran Vehicle Weapons Level 2  
  147  9:18  Hellion x2  
  147  9:21  Command Center  
  147  9:22  Hellion x2  
  147  9:23  Command Center  
  155  9:29  Cyclone  
  158  9:32  Armory  
  158  9:33  Supply Depot  
  158  9:34  Supply Depot, Hellion  
  160  9:40  Hellion  
  154  9:59  SCV x2  
  157  10:00  SCV  
  157  10:01  Cyclone x2  
  157  10:02  Hellion x2  
  157  10:03  Hellion x2  
  171  10:11  Refinery  
  171  10:17  Refinery  
  171  10:18  Missile Turret  
  171  10:23  Cyclone  
  171  10:24  Liberator  
  171  10:25  Hellion x3  
  159  10:33  Cyclone  
  138  10:36  Cyclone  
  138  10:37  Hellion  
  146  10:46  Hellion x3  
  148  10:55  Cyclone  
  151  11:01  Hellion  
  153  11:05  Cyclone  
  153  11:07  Hellion  
  153  11:08  Hellion x2, Cyclone  
  161  11:16  Planetary Fortress  
  157  11:22  Hellion  
  159  11:27  Cyclone  
  159  11:29  Hellion x2  
  163  11:37  Cyclone  
  157  11:40  Cyclone  
  157  11:43  Hellion  
  157  11:44  Hellion  
  164  11:50  Hellion x2  
  168  11:59  Cyclone  
  169  12:04  Hellion  
  169  12:05  Hellion  
  171  12:10  Cyclone  
  171  12:12  Hellion x2, Cyclone  
  171  12:14  Orbital Command x2  
  162  12:26  Hellion x2  
  147  12:31  Cyclone  
  130  12:39  Hellion x2  
  130  12:42  Cyclone  
  137  12:44  Cyclone  
  137  12:47  Command Center  
  127  12:57  Hellion x2  
  131  13:01  Hellion  
  131  13:03  Cyclone  
  136  13:14  Cyclone  
  139  13:23  Cyclone  
  139  13:25  Hellion  
  139  13:26  Hellion  
  141  13:34  Hellion x2  
  141  13:35  Cyclone  
  132  13:58  Cyclone x2  
  132  13:59  Hellion x3  
  132  14:00  Hellion  
  139  14:04  Command Center  
  139  14:08  Cyclone  
  145  14:10  Starport Reactor  
  140  14:22  Hellion  
  140  14:23  Hellion x3  
  132  14:24  Refinery  
Tags
 
Add a new tag
Caveats
  • Supply blocks, unpowered buildings, or Contaminate may cause inaccurate times.
  • Supply counts are checked every 10 seconds.